[ AOE2 MATCH · #489606775 ]
UnrankedSpanish vs Lithuanians
Player's team · WIN
[ REPLAY ANALYSIS · EXTRACTED FROM THE RECORDED GAME ]
Feudal
14:28
Castle
18:37
Imperial
37:44
| APM avg | 38.1 |
| APM peak | 87 |
| eAPM avg | 15.9 |
| Villagers / military | 68 / 82 |
Focus
⚔️ 35.6% · 🌾 64.4%
Spearman ×30 · Conquistador ×24 · Scout Cavalry ×10 · Mangonel ×7 · Militia ×4 · Trebuchet (Packed) ×3
Feudal
8:29
Castle
23:13
Imperial
—
| APM avg | 46.1 |
| APM peak | 76 |
| eAPM avg | 24.5 |
| Villagers / military | 141 / 129 |
Focus
⚔️ 32.8% · 🌾 67.2%
Skirmisher ×77 · Knight ×39 · Spearman ×7 · Monk ×6
Match map
Initial resources + every placement click. Lines = walls · curves = elevation contours. ◆ gold · ⬟ stone · ● berries · ✦ relic · ◌ wall gap
Your base· ✓ Closed at 18:37 · 73t walls · no gate
Ode's base· ✓ Closed at 23:13 · 64t walls · 1 gate(s)
Smoothed initial terrain · ◌ = detected wall gap · hover for details
Inputs per minute
— DS_Gitano Urbano - - Ode
Build order — DS_Gitano Urbano
First 150 of 222 actions detected
| 0:00 | Create | Villager (Male) ×4 |
| 0:02 | Build | House |
| 0:03 | Build | House |
| 1:26 | Create | Villager (Male) |
| 2:03 | Create | Villager (Male) |
| 2:28 | Create | Villager (Male) |
| 2:48 | Build | Lumber Camp |
| 2:52 | Create | Villager (Male) |
| 3:06 | Create | Villager (Male) |
| 3:06 | Create | Villager (Male) |
| 3:28 | Create | Villager (Male) |
| 3:59 | Create | Villager (Male) |
| 4:26 | Create | Villager (Male) |
| 4:29 | Build | House |
| 4:31 | Research | Loom |
| 4:51 | Create | Villager (Male) |
| 5:12 | Create | Villager (Male) |
| 5:25 | Build | House |
| 5:28 | Build | House |
| 5:48 | Create | Villager (Male) |
| 6:06 | Create | Villager (Male) |
| 6:13 | Build | Barracks |
| 6:17 | Create | Villager (Male) |
| 6:56 | Create | Militia |
| 6:56 | Create | Militia |
| 6:56 | Create | Militia |
| 7:02 | Create | Militia |
| 7:07 | Create | Villager (Male) |
| 7:07 | Create | Villager (Male) |
| 7:18 | Build | Mill |
| 7:25 | Create | Villager (Male) |
| 7:48 | Build | Palisade Wall |
| 7:54 | Build | Farm |
| 7:59 | Create | Villager (Male) |
| 8:15 | Create | Villager (Male) |
| 8:22 | Build | Mill |
| 8:41 | Create | Villager (Male) |
| 8:58 | Create | Villager (Male) |
| 9:03 | Build | Palisade Wall |
| 9:10 | Build | Palisade Wall |
| 9:24 | Create | Villager (Male) |
| 9:31 | Build | Palisade Wall |
| 9:33 | Build | Palisade Wall |
| 9:35 | Create | Villager (Male) |
| 9:45 | Build | House |
| 10:25 | Build | Mining Camp |
| 10:53 | Create | Villager (Male) |
| 10:55 | Build | Farm |
| 10:56 | Build | Farm |
| 10:56 | Build | Farm |
| 10:56 | Build | Farm |
| 10:57 | Build | Farm |
| 11:03 | Create | Villager (Male) |
| 11:28 | Create | Villager (Male) |
| 11:37 | Build | Farm |
| 12:18 | Research | Feudal Age |
| 12:23 | Build | Farm |
| 12:26 | Build | Farm |
| 12:26 | Build | Farm |
| 12:40 | Build | Palisade Wall |
| 13:56 | Build | House |
| 14:28 | Age | Feudal Age |
| 14:29 | Build | Market |
| 14:32 | Build | Blacksmith |
| 14:34 | Create | Villager (Male) |
| 14:44 | Build | Palisade Wall |
| 14:48 | Build | House |
| 15:01 | Build | Palisade Wall |
| 15:05 | Create | Villager (Male) |
| 15:41 | Build | House |
| 15:57 | Research | Castle Age |
| 16:13 | Build | House |
| 16:47 | Build | House |
| 16:50 | Build | House |
| 16:56 | Build | Farm |
| 17:26 | Research | Double-Bit Axe |
| 17:28 | Research | Horse Collar |
| 17:36 | Build | House |
| 17:41 | Build | House |
| 17:54 | Create | Villager (Male) |
| 18:15 | Create | Villager (Male) |
| 18:37 | Age | Castle Age |
| 18:46 | Build | Castle |
| 19:06 | Research | Padded Archer Armor |
| 19:27 | Create | Villager (Male) |
| 19:47 | Build | Mining Camp |
| 19:51 | Create | Conquistador |
| 20:11 | Create | Villager (Male) |
| 20:15 | Build | Farm |
| 20:15 | Build | Farm |
| 20:18 | Build | Farm |
| 20:19 | Build | Farm |
| 20:19 | Build | Farm |
| 20:19 | Build | Farm |
| 20:39 | Create | Conquistador |
| 21:19 | Build | Siege Workshop |
| 21:20 | Create | Conquistador |
| 21:24 | Create | Villager (Male) |
| 21:32 | Create | Conquistador |
| 22:14 | Create | Mangonel |
| 22:16 | Create | Villager (Male) |
| 22:26 | Create | Villager (Male) |
| 22:31 | Build | Farm |
| 22:47 | Build | Farm |
| 22:50 | Create | Villager (Male) |
| 22:54 | Create | Conquistador |
| 23:12 | Create | Villager (Male) |
| 23:13 | Research | Town Watch |
| 23:27 | Create | Conquistador |
| 23:33 | Build | Farm |
| 24:28 | Create | Mangonel |
| 24:29 | Create | Villager (Male) |
| 24:29 | Create | Villager (Male) |
| 24:38 | Create | Conquistador |
| 24:56 | Research | Leather Archer Armor |
| 25:08 | Create | Conquistador |
| 25:09 | Create | Conquistador |
| 25:38 | Create | Battering Ram |
| 25:45 | Create | Conquistador |
| 25:46 | Create | Villager (Male) |
| 25:59 | Create | Villager (Male) |
| 26:36 | Create | Villager (Male) |
| 27:16 | Create | Villager (Male) |
| 27:17 | Research | Wheelbarrow |
| 27:24 | Build | Farm |
| 27:24 | Build | Farm |
| 27:24 | Build | Farm |
| 27:25 | Build | Farm |
| 27:35 | Create | Conquistador |
| 27:35 | Create | Conquistador |
| 27:41 | Build | Stable |
| 27:44 | Create | Villager (Male) |
| 28:21 | Create | Mangonel |
| 28:23 | Create | Villager (Male) |
| 28:27 | Research | Bloodlines |
| 28:28 | Research | Husbandry |
| 28:35 | Build | Lumber Camp |
| 28:53 | Build | Monastery |
| 29:15 | Create | Mangonel |
| 29:44 | Create | Conquistador |
| 29:44 | Create | Conquistador |
| 29:50 | Research | Husbandry |
| 29:51 | Create | Villager (Male) |
| 29:53 | Create | Villager (Male) |
| 30:01 | Create | Mangonel |
| 30:22 | Create | Villager (Male) |
| 30:38 | Create | Conquistador |
| 30:40 | Create | Villager (Male) |
| 31:09 | Research | Hand Cart |
| 31:16 | Create | Monk |
Build order — Ode
First 150 of 489 actions detected
| 0:00 | Create | Villager (Male) |
| 0:00 | Create | Villager (Male) |
| 0:01 | Create | Villager (Male) |
| 0:01 | Create | Villager (Male) |
| 0:01 | Create | Villager (Male) |
| 0:02 | Create | Villager (Male) |
| 0:02 | Build | House |
| 0:04 | Build | House |
| 1:32 | Create | Villager (Male) |
| 1:50 | Build | Lumber Camp |
| 1:53 | Build | Lumber Camp |
| 2:14 | Create | Villager (Male) |
| 2:14 | Create | Villager (Male) |
| 2:20 | Create | Villager (Male) |
| 2:44 | Build | House |
| 2:51 | Create | Villager (Male) |
| 3:03 | Create | Villager (Male) |
| 3:48 | Create | Villager (Male) |
| 3:57 | Build | Mill |
| 5:00 | Create | Villager (Male) |
| 5:13 | Build | Palisade Gate |
| 5:23 | Create | Villager (Male) |
| 5:46 | Create | Villager (Male) |
| 6:08 | Research | Loom |
| 6:19 | Research | Feudal Age |
| 6:19 | Research | Loom |
| 6:43 | Build | House |
| 7:28 | Build | Barracks |
| 7:30 | Build | Palisade Wall |
| 8:29 | Age | Feudal Age |
| 8:32 | Build | Stable |
| 8:42 | Create | Spearman |
| 8:43 | Create | Villager (Male) |
| 8:55 | Build | Archery Range |
| 8:59 | Build | House |
| 9:02 | Build | Palisade Wall |
| 9:06 | Build | Palisade Wall |
| 9:07 | Build | Palisade Wall |
| 9:10 | Build | Palisade Wall |
| 9:12 | Build | Farm |
| 9:12 | Create | Villager (Male) |
| 9:22 | Build | Palisade Wall |
| 9:24 | Create | Villager (Male) |
| 9:25 | Research | Double-Bit Axe |
| 9:30 | Build | Palisade Wall |
| 9:31 | Build | Palisade Wall |
| 9:31 | Build | Palisade Wall |
| 9:38 | Build | Palisade Wall |
| 9:38 | Build | Palisade Wall |
| 9:39 | Build | Palisade Wall |
| 9:44 | Create | Skirmisher |
| 9:49 | Create | Villager (Male) |
| 9:53 | Build | Palisade Wall |
| 9:58 | Build | Palisade Wall |
| 10:03 | Build | House |
| 10:07 | Build | Palisade Wall |
| 10:09 | Build | Palisade Wall |
| 10:10 | Build | Palisade Wall |
| 10:16 | Build | Farm |
| 10:18 | Create | Villager (Male) |
| 10:39 | Build | Mill |
| 10:48 | Create | Villager (Male) |
| 10:50 | Create | Skirmisher |
| 11:01 | Create | Skirmisher |
| 11:12 | Build | Palisade Wall |
| 11:13 | Build | Palisade Wall |
| 11:21 | Create | Skirmisher |
| 11:26 | Create | Villager (Male) |
| 11:28 | Build | Farm |
| 11:43 | Create | Skirmisher |
| 11:46 | Create | Villager (Male) |
| 11:48 | Build | House |
| 11:54 | Build | House |
| 12:10 | Build | Farm |
| 12:11 | Create | Villager (Male) |
| 12:43 | Build | Palisade Wall |
| 12:44 | Create | Villager (Male) |
| 12:54 | Research | Town Watch |
| 12:54 | Research | Town Watch |
| 12:56 | Create | Skirmisher |
| 13:01 | Build | Lumber Camp |
| 13:08 | Build | Palisade Wall |
| 13:09 | Create | Villager (Male) |
| 13:15 | Build | Palisade Wall |
| 13:19 | Build | House |
| 13:20 | Build | Palisade Wall |
| 13:25 | Create | Villager (Male) |
| 13:38 | Create | Spearman |
| 13:42 | Build | Farm |
| 13:45 | Build | Palisade Wall |
| 13:50 | Build | Farm |
| 13:56 | Create | Skirmisher |
| 13:57 | Create | Villager (Male) |
| 14:04 | Build | House |
| 14:06 | Build | Palisade Wall |
| 14:13 | Build | Palisade Wall |
| 14:14 | Build | Palisade Wall |
| 14:17 | Create | Skirmisher |
| 14:24 | Build | Farm |
| 14:25 | Create | Villager (Male) |
| 14:57 | Create | Villager (Male) |
| 15:03 | Create | Skirmisher |
| 15:07 | Build | Blacksmith |
| 15:31 | Build | Mining Camp |
| 15:51 | Create | Villager (Male) |
| 15:55 | Research | Fletching |
| 16:01 | Create | Spearman |
| 16:01 | Create | Spearman |
| 16:07 | Create | Villager (Male) |
| 16:11 | Create | Skirmisher |
| 16:14 | Build | Farm |
| 16:15 | Build | Farm |
| 16:16 | Build | Farm |
| 16:21 | Create | Villager (Male) |
| 16:41 | Create | Skirmisher |
| 16:42 | Create | Skirmisher |
| 16:52 | Create | Villager (Male) |
| 16:53 | Create | Skirmisher |
| 17:01 | Build | Farm |
| 17:02 | Build | Farm |
| 17:03 | Build | Farm |
| 17:25 | Build | Farm |
| 17:27 | Create | Villager (Male) |
| 17:40 | Build | House |
| 17:43 | Research | Wheelbarrow |
| 17:53 | Build | Farm |
| 17:58 | Build | House |
| 17:59 | Build | Palisade Wall |
| 18:01 | Build | Farm |
| 18:19 | Build | Farm |
| 18:27 | Build | Palisade Wall |
| 18:47 | Create | Skirmisher |
| 18:47 | Create | Skirmisher |
| 18:49 | Create | Villager (Male) |
| 19:33 | Create | Villager (Male) |
| 19:33 | Create | Villager (Male) |
| 19:41 | Build | Market |
| 19:44 | Build | Palisade Wall |
| 19:45 | Build | Palisade Wall |
| 19:46 | Create | Skirmisher |
| 20:04 | Build | Watch Tower |
| 20:20 | Build | Gate |
| 20:33 | Research | Castle Age |
| 21:02 | Build | Gate |
| 21:20 | Build | Farm |
| 21:21 | Research | Horse Collar |
| 21:25 | Create | Skirmisher |
| 21:25 | Create | Skirmisher |
| 21:31 | Research | Padded Archer Armor |
| 21:36 | Build | Farm |
Match timeline
| 6:13 | DS_Gitano Urbano · first_building Barracks |
| 7:28 | Ode · first_building Barracks |
| 7:30 | Ode · wall_segment Palisade Wall x1 |
| 7:48 | DS_Gitano Urbano · wall_segment Palisade Wall x11 |
| 8:29 | Ode · age_up feudal |
| 8:32 | Ode · first_building Stable |
| 8:55 | Ode · first_building Archery Range |
| 9:02 | Ode · wall_segment Palisade Wall x3 |
| 9:03 | DS_Gitano Urbano · wall_segment Palisade Wall x19 |
| 9:06 | Ode · wall_segment Palisade Wall x1 |
| 9:07 | Ode · wall_segment Palisade Wall x1 |
| 9:10 | Ode · wall_segment Palisade Wall x1 |
| 9:10 | DS_Gitano Urbano · wall_segment Palisade Wall x13 |
| 9:22 | Ode · wall_segment Palisade Wall x1 |
| 9:30 | Ode · wall_segment Palisade Wall x1 |
| 9:31 | Ode · wall_segment Palisade Wall x1 |
| 9:31 | DS_Gitano Urbano · wall_segment Palisade Wall x10 |
| 9:31 | Ode · wall_segment Palisade Wall x1 |
| 9:33 | DS_Gitano Urbano · wall_segment Palisade Wall x19 |
| 9:38 | Ode · wall_segment Palisade Wall x1 |
| 9:38 | Ode · wall_segment Palisade Wall x1 |
| 9:39 | Ode · wall_segment Palisade Wall x1 |
| 9:53 | Ode · wall_segment Palisade Wall x1 |
| 9:58 | Ode · wall_segment Palisade Wall x1 |
| 10:07 | Ode · wall_segment Palisade Wall x1 |
| 10:09 | Ode · wall_segment Palisade Wall x1 |
| 10:10 | Ode · wall_segment Palisade Wall x1 |
| 11:12 | Ode · wall_segment Palisade Wall x3 |
| 11:13 | Ode · wall_segment Palisade Wall x4 |
| 12:40 | DS_Gitano Urbano · wall_segment Palisade Wall x1 |
| 12:43 | Ode · wall_segment Palisade Wall x2 |
| 13:08 | Ode · wall_segment Palisade Wall x1 |
| 13:15 | Ode · wall_segment Palisade Wall x1 |
| 13:20 | Ode · wall_segment Palisade Wall x6 |
| 13:45 | Ode · wall_segment Palisade Wall x1 |
| 14:06 | Ode · wall_segment Palisade Wall x5 |
| 14:13 | Ode · wall_segment Palisade Wall x4 |
| 14:14 | Ode · wall_segment Palisade Wall x5 |
| 14:28 | DS_Gitano Urbano · age_up feudal |
| 14:44 | DS_Gitano Urbano · wall_segment Palisade Wall x1 |
| 15:01 | DS_Gitano Urbano · wall_segment Palisade Wall x1 |
| 15:25 | DS_Gitano Urbano · first_market_sell 100 stone |
| 17:59 | Ode · wall_segment Palisade Wall x4 |
| 18:27 | Ode · wall_segment Palisade Wall x7 |
| 18:28 | DS_Gitano Urbano · first_market_buy 100 stone |
| 18:37 | DS_Gitano Urbano · age_up castle |
| 18:46 | DS_Gitano Urbano · first_building Castle |
| 19:44 | Ode · wall_segment Palisade Wall x3 |
| 19:45 | Ode · wall_segment Palisade Wall x4 |
| 21:19 | DS_Gitano Urbano · first_building Siege Workshop |
| 23:13 | Ode · age_up castle |
| 23:15 | Ode · first_building Monastery |
| 23:28 | Ode · first_market_buy 100 wood |
| 23:53 | Ode · wall_segment Palisade Wall x1 |
| 26:14 | Ode · first_market_sell 100 wood |
| 27:41 | DS_Gitano Urbano · first_building Stable |
| 28:34 | Ode · wall_segment Palisade Wall x1 |
| 28:52 | Ode · wall_segment Palisade Wall x4 |
| 28:53 | DS_Gitano Urbano · first_building Monastery |
| 30:14 | Ode · wall_segment Palisade Wall x1 |
| 35:22 | Ode · wall_segment Palisade Wall x1 |
| 36:26 | Ode · wall_segment Palisade Wall x12 |
| 37:23 | Ode · first_building Castle |
| 37:44 | DS_Gitano Urbano · age_up imperial |
| 39:01 | Ode · wall_segment Palisade Wall x7 |
| 43:52 | Ode · resign |
[ AI ANALYSIS · 1 CREDIT ]
What really happened in this match?
Wolo.gg analyzes every decision: build order, eco, micro, common mistakes by bracket. Personalized analysis on WhatsApp or Discord in 30 seconds.
Civ guide
Spanish
Perfil
DS_Gitano Urbano